 Dungeon Crawl Stone Soup version 0.17.0-24-gcfadda4 (webtiles) character file.

184535 Gorice the Tortoise (level 17, 0/142 HPs)
             Began as a Demonspawn Wanderer on Nov 15, 2015.
             Was the Champion of Okawaru.
             Succumbed to a black mamba's poison
             ... on level 3 of the Snake Pit on Nov 17, 2015.
             The game lasted 04:16:10 (46071 turns).

Gorice the Tortoise (Demonspawn Wanderer)          Turns: 46071, Time: 04:16:13

Health: 0/142      AC: 32    Str: 17    XL:     17   Next: 78%
Magic:  1/23       EV: 11    Int: 15    God:    Okawaru [******]
Gold:   1726       SH:  0    Dex: 14    Spells: 5 memorised, 12 levels left

rFire  . . .     SeeInvis .     a - +1 great mace (drain)
rCold  + . .     Clarity  .     b - +0 shadow dragon armour
rNeg   . . .     SustAt   .     (shield currently unavailable)
rPois  +         Gourm    .     (helmet restricted)
rElec  +         Spirit   +     O - +1 cloak of Okawaru's Condemnation {rElec rC+}
rCorr  .         Warding  .     x - +1 pair of gloves
rMut   .         Stasis   .     z - +2 pair of boots {Stlth+}
MR     ++...                    U - amulet of guardian spirit
Stlth  +++++++...               E - ring of protection from magic
                                C - ring of poison resistance

@: lethally poisoned (0 -> -22), heroism, very resistant to hostile
enchantments, extremely stealthy
A: horns 2, thin metallic scales 2, nightstalker 2, powered by death 1, wild
magic 1
a: Heroism, Finesse, Renounce Religion


You were on level 3 of the Snake Pit.
You worshipped Okawaru.
Okawaru was exalted by your worship.
You were not hungry.

You visited 5 branches of the dungeon, and saw 32 of its levels.
You also visited: Labyrinth, Ossuary, Ice Cave and Volcano.

You collected 3360 gold pieces.
You spent 1634 gold pieces at shops.

Inventory:

Hand Weapons
 a - a +1 great mace of draining (weapon)
   (You found it on level 4 of the Lair of Beasts)
Missiles
 f - 13 javelins of returning (quivered)
 Y - 7 throwing nets
Armour
 b - a +0 shadow dragon armour (worn)
 x - a +1 pair of gloves (worn)
 z - a +2 pair of boots of stealth (worn)
   (You bought it in a shop on level 2 of the Snake Pit)
 O - the +1 cloak of Okawaru's Condemnation (worn) {rElec rC+}
   (Okawaru gifted it to you on level 8 of the Lair of Beasts)

   It protects you from cold.
   It insulates you from electricity.
Rods
 D - a +0 rod of destruction (12/12) {!a}
   (You found it on level 6 of the Lair of Beasts)
 I - a +1 iron rod (14/14) {!a}
   (You found it in a labyrinth)
Jewellery
 i - an uncursed ring of see invisible
 u - an uncursed ring of sustain attributes
 v - an uncursed ring of teleportation
 w - an uncursed ring of flight
 B - an uncursed ring of positive energy
 C - a ring of poison resistance (left hand)
 E - a ring of protection from magic (right hand)
 F - an uncursed ring of protection from cold
 Q - an uncursed ring of fire
 U - an amulet of guardian spirit (around neck)
Wands
 e - a wand of digging (18)
 p - a wand of polymorph (17)
 s - a wand of paralysis (16)
 R - a wand of heal wounds (8) {!d}
 S - a wand of invisibility (1)
 T - a wand of disintegration (12)
Scrolls
 c - 3 scrolls of magic mapping {!r}
 d - a scroll of fog
 j - 12 scrolls of remove curse
 y - 4 scrolls of teleportation {!r}
 J - 2 scrolls of blinking
Potions
 n - 7 potions of might {!q}
 o - 5 potions of haste {!q}
 q - 6 potions of resistance {!q}
 r - 2 potions of invisibility {!q}
 t - 4 potions of heal wounds {!q}
 A - a potion of magic {!q}
 N - 9 potions of agility {!q}
 P - 3 potions of curing
 W - 5 potions of cancellation {!q}
Miscellaneous
 l - a fan of gales
 m - a lamp of fire
 L - a lantern of shadows
Comestibles
 g - a bread ration {!e}
 k - 10 meat rations {!e}
 G - 50 fruits


   Skills:
 - Level 15.1(20.1) Fighting
   Level 2.6(16.0) Axes
 - Level 15.9(21.0) Maces & Flails
 - Level 11.6(16.6) Throwing
 - Level 16.0(21.0) Armour
 - Level 1.0(6.0) Stealth
 + Level 2.9 Spellcasting
 * Level 5.8 Charms
   Level 1.0 Transmutations
 * Level 6.6 Poison Magic
 - Level 8.0 Invocations


You had 12 spell levels left.
You knew the following spells:

 Your Spells              Type           Power        Failure   Level  Hunger
B - Summon Butterflies    Summ           #.......     95%         1    #......
C - Cure Poison           Pois           ####......   22%         2    ##.....
J - Blink                 Tloc           N/A          99%         2    ##.....
M - Repel Missiles        Chrm/Air       ###...       61%         2    ##.....
S - Swiftness             Chrm/Air       ###.....     61%         2    ##.....


Dungeon Overview and Level Annotations

Branches:
Dungeon (15/15)            Temple (1/1) D:5            Lair (8/8) D:9
 Shoals (0/4) Lair:4        Snake (4/4) Lair:3        Slime (0/6) Lair:8
    Orc (4/4) D:11            Elf (0/3) Orc:3        Vaults (0/5) D:13
 Depths (0/5) D:15

Altars:
Ashenzari
Cheibriados
Dithmenos
Elyvilon
Fedhas
Gozag
Kikubaaqudgha
Makhleb
Nemelex Xobeh
Okawaru
Qazlal
Ru
Sif Muna
Trog
Vehumet
Xom
Yredelemnul
Zin
The Shining One
Beogh
Jiyva

Shops:
D:4 [(   D:9 *   D:10 (*(?   D:12 (   D:13 *   D:15 (   Orc:4 ::[=(*(
Snake:2 [(

Annotations:
Lair:3 exclusion: oklob plant


Innate Abilities, Weirdness & Mutations

You have a pair of horns on your head.
You are mostly covered in thin metallic scales (AC +3).
You are significantly more attuned to the shadows.
You regenerate a little health from kills.
Your spells are a little harder to cast, but a little more powerful.


Message History

The greater naga constricts you. The black mamba completely misses you.
The greater naga hits you but does no damage.
* * * LOW HITPOINT WARNING * * *
The greater naga constricts you.
The greater naga hits you but does no damage.
Drink which item? (? for menu, Esc to quit)
You feel better. The black mamba closely misses you. The greater naga hits you!
* * * LOW HITPOINT WARNING * * *
The greater naga constricts you.
The greater naga hits you but does no damage.
The black mamba bites you!
* * * LOW HITPOINT WARNING * * *
Damage: 9 (max 28)
You escape the greater naga's grasp.
You hear a distant "Zot"!
You hear a distant "Zot"!
The greater naga points at you and mumbles some strange words.
The bolt of poison hits you!
You are poisoned.
You resist.
* * * LOW HITPOINT WARNING * * *
The greater naga points at you and mumbles some strange words.
The greater naga resists with almost no effort.
Damage: 4 (max 28)
You feel sick. The greater naga casts a spell at you.
The orb of energy hits the black mamba.
The greater naga casts a spell at you.
The greater naga resists with almost no effort.
The black mamba misses you.
Damage: 2 (max 28)
You feel sick.
The black mamba bites you but does no damage.
You feel sick.
The black mamba bites you but does no damage.
Things that are here:
a robe; a war axe; Damage: 1 (max 28)
You feel sick.
Items here: ))) [ a trident; a robe; a quarterstaff; a flail; Damage: 2 (max 28)
You feel sick.
The black mamba bites you but does no damage.
There is a stone staircase leading up here.
You feel sick. The black mamba bites you.
* * * LOW HITPOINT WARNING * * *
You are lethally poisoned!
The black mamba poisons you! The black mamba bites you!
* * * LOW HITPOINT WARNING * * *
You climb upwards.
You die...

...........♣..#..# #..........##
.............♣...# ##.#......###
.................# #...........
#....#...♣..♣≈♣..######..........
........P..♣♣≈≈..................
###.####..♣♣≈≈≈P.######.#≈.≈...≈P
#.# #..♣≈≈♣≈♣.######.#P≈≈P≈.≈P
###.####P≈♣≈≈≈♣..........≈P≈P≈P≈P
#.........≈≈≈≈.S@)#######≈≈≈≈≈≈≈P
#.#.####..≈≈≈..P)## #≈≈≈≈PPP≈
#...# #♣..♣..P..# #≈≈≈≈≈≈≈≈ #####
#....P..## ♣≈≈P≈≈≈≈≈ #...♣..##
♣≈≈≈≈≈≈≈≈ #PP...## ♣♣P≈≈≈≈≈≈
#...### ♣≈≈≈≈≈≈≈ ##### ♣♣≈≈≈≈≈≈
♣P≈≈≈≈P


You could see a black mamba.

Vanquished Creatures
  2 greater nagas (Snake:3)
  An orc warlord (Orc:4)
  A frost giant (IceCv)
  Aizul (Snake:3)
  An ettin (Orc:3)
  A minotaur (Lab)
  A vault guard (D:13)
  Erolcha (D:10)
  A merfolk impaler (Lair:4)
  A fire dragon (D:15)
  8 hydras
  Harold (D:11)
  13 anacondas
  10 naga warriors
  4 catoblepae
  2 centaur warriors (D:15)
  2 tengu warriors (D:15)
  The ghost of M4edhros the Prestidigitator, a journeyman OpAr of Fedhas (Orc:1)
  23 death yaks
  9 shock serpents
  2 orc high priests
  Nergalle (D:11)
  11 naga sharpshooters
  2 salamander mystics (Snake:4)
  3 sea snakes (Snake:3)
  2 skeletal warriors (D:14)
  A fire crab (D:13)
  11 naga ritualists
  2 unseen horrors
  11 salamanders
  4 orc knights
  5 hill giants
  3 wolf spider zombies
  2 necromancers
  15 mana vipers
  4 ugly things
  3 griffons
  15 naga magi
  5 orc sorcerers
  3 cyclopes
  An octopode (shapeshifter) (D:15)
  19 elephants
  38 black mambas
  An ice statue (IceCv)
  7 guardian serpents
  A torpor snail (Lair:8)
  10 komodo dragons
  18 spiny frogs
  A molten gargoyle (Volcano)
  2 gargoyles (Volcano)
  A redback zombie (D:14)
  7 yaktaurs (D:15)
  2 fire drakes
  An efreet (D:15)
  A guardian mummy (D:14)
  A kobold demonologist (D:15)
  9 trolls
  18 polar bears
  A wolf spider simulacrum (D:15)
  A boulder beetle (Lair:8)
  6 blink frogs
  A two-headed ogre (D:13)
  A shadow (D:11)
  4 deep elf magi
  4 wyverns
  2 wraiths (D:15)
  2 vampires (D:13)
  A spriggan (shapeshifter) (D:14)
  4 basilisks
  A steam dragon (D:12)
  75 yaks
  A fire elemental (Volcano)
  12 hippogriffs
  20 wolves
  A hungry ghost (D:12)
  A mottled dragon (D:15)
  2 wargs
  50 nagas
  21 water moccasins
  5 ice beasts
  25 orc warriors
  20 porcupines
  Duvessa (D:4)
  3 sky beasts
  11 centaurs
  2 wasps (D:14)
  3 black bears
  3 boggarts (D:14)
  A necrophage (D:13)
  A phantom (D:10)
  12 ogres
  19 crocodiles
  An elf zombie (Ossuary)
  7 big kobolds
  A wyvern zombie (D:14)
  23 giant frogs
  4 scorpions
  2 wyvern skeletons
  Dowan (D:4)
  18 killer bees
  13 wights
  The ghost of BLOAX the Ducker, a weakling DEMo (D:3)
  11 centaur zombies
  2 electric eels (Snake:3)
  6 crimson imps
  19 orc priests
  12 iguanas
  11 hounds
  6 jellies
  A quasit (D:13)
  Crazy Yiuf (D:3)
  7 centaur skeletons
  Ijyb (D:3)
  2 giant frog skeletons
  4 yak simulacra (Lair:6)
  A human zombie (Ossuary)
  A wasp zombie (D:8)
  16 worker ants
  Jessica (D:2)
  2 giant frog zombies
  4 lava snakes (Snake:3)
  27 orc wizards
  Natasha (thrice) (D:3)
  20 sheep
  2 wolf simulacra (Lair:6)
  A killer bee zombie (D:9)
  2 big kobold zombies (Ossuary)
  2 polar bear simulacra (Lair:6)
  3 hound zombies
  5 mummies
  A worker ant zombie (D:6)
  A hound skeleton (D:4)
  90 river rats
  17 adders
  2 shadow imps
  4 adder skeletons
  5 adder zombies (Ossuary)
  3 worms (D:3)
  8 giant geckos
  170 orcs
  7 goblins
  5 hobgoblins
  10 jackals
  3 quokkas
  A ball python (D:4)
  5 bats
  10 giant cockroaches
  A giant gecko skeleton (D:4)
  2 giant newts
  2 goblin zombies (Ossuary)
  A hobgoblin zombie (Ossuary)
  A jackal zombie (Ossuary)
  21 kobolds
  7 kobold zombies (Ossuary)
  2 orc zombies (Ossuary)
  A quokka skeleton (D:6)
  4 quokka zombies (Ossuary)
  A rat (D:1)
  2 rat zombies (Ossuary)
  3 river rat simulacra (Lair:6)
  2 fungi
1280 creatures vanquished.

Vanquished Creatures (collateral kills)
  A jelly (D:9)
1 creature vanquished.

Vanquished Creatures (others)
  A centaur skeleton (D:13)
  A polar bear (IceCv)
  A wolf (IceCv)
  9 bushes
  16 fungi
  14 plants
42 creatures vanquished.

Grand Total: 1323 creatures vanquished

Notes
Turn   | Place    | Note
--------------------------------------------------------------
     0 | D:1      | Gorice the Demonspawn Wanderer began the quest for the Orb.
     0 | D:1      | Gorice set off with: a Young Poisoner's Handbook, a +0 hand axe, a potion of curing, a +0 robe, a bread ration {!e}
     0 | D:1      | Reached XP level 1. HP: 15/15 MP: 3/3
     2 | D:1      | Learned a level 1 spell: Sting
   107 | D:1      | Reached skill level 2 in Axes
   756 | D:2      | Noticed Jessica
   764 | D:2      | HP: 3/15 [Jessica/nerve-wracking pain (7)]
   769 | D:2      | Killed Jessica
   769 | D:2      | Gained mutation: You are slightly more attuned to the shadows. [demonic ancestry]
   769 | D:2      | Reached XP level 2. HP: 14/21 MP: 5/5
   769 | D:2      | Gained mutation: You have a pair of small horns on your head. [demonic ancestry]
   769 | D:2      | Reached XP level 3. HP: 17/26 MP: 6/6
   771 | D:2      | Reached skill level 1 in Armour
  1068 | D:2      | Found a shadowy altar of Dithmenos.
  1295 | D:2      | Reached skill level 2 in Fighting
  1612 | D:3      | Noticed Ijyb
  1622 | D:3      | Reached skill level 1 in Maces & Flails
  1633 | D:3      | Killed Ijyb
  1633 | D:3      | Reached XP level 4. HP: 30/34 MP: 7/7
  1687 | D:3      | Noticed BLOAX's ghost (weakling DEMo)
  1698 | D:3      | Killed BLOAX's ghost
  1698 | D:3      | Reached skill level 2 in Maces & Flails
  1761 | D:3      | Gained mutation: You are partially covered in thin metallic scales (AC +2). [demonic ancestry]
  1761 | D:3      | Reached XP level 5. HP: 21/39 MP: 8/8
  2067 | D:3      | Noticed Natasha
  2072 | D:3      | Killed Natasha
  2184 | D:3      | Reached skill level 3 in Fighting
  2546 | D:4      | Noticed an ogre
  2604 | D:4      | Got a pitted large shield
  2706 | D:4      | Reached skill level 3 in Maces & Flails
  2785 | D:4      | Reached XP level 6. HP: 45/47 MP: 9/9
  2790 | D:4      | Found Wyblueloy's Antique Weapon Shoppe.
  2796 | D:4      | Found Namet's Armour Shoppe.
  2868 | D:4      | Noticed Duvessa
  2868 | D:4      | Noticed Dowan
  2878 | D:4      | Reached skill level 2 in Armour
  3076 | D:3      | Noticed Natasha
  3088 | D:3      | Killed Natasha
  3176 | D:4      | Killed an ogre
  3312 | D:4      | Reached skill level 4 in Maces & Flails
  3661 | D:4      | Killed Dowan
  3766 | D:5      | Entered Level 5 of the Dungeon
  3779 | D:5      | Found a basalt altar of Yredelemnul.
  3787 | D:5      | Reached XP level 7. HP: 51/53 MP: 10/10
  3865 | D:5      | Reached skill level 4 in Fighting
  4009 | D:5      | Found a shimmering altar of Xom.
  4248 | D:5      | Found a staircase to the Ecumenical Temple.
  4254 | Temple   | Entered the Ecumenical Temple
  4341 | Temple   | Became a worshipper of Warmaster Okawaru
  4485 | D:5      | Reached skill level 3 in Armour
  4492 | D:5      | Found an opulent altar of Gozag.
  4492 | D:5      | Found a deep blue altar of Sif Muna.
  4613 | D:6      | Reached skill level 5 in Maces & Flails
  4641 | D:6      | You fall through a shaft for 3 floors!
  4772 | D:8      | Reached XP level 8. HP: 61/61 MP: 11/11
  4858 | D:8      | Reached * piety under Okawaru
  4858 | D:8      | Reached skill level 5 in Fighting
  4914 | D:8      | Reached skill level 6 in Maces & Flails
  4990 | D:7      | Found a sand-covered staircase.
  4995 | D:7      | Reached skill level 4 in Armour
  5131 | Ossuary  | Entered an ossuary
  5656 | D:6      | Reached ** piety under Okawaru
  5723 | D:6      | Reached skill level 7 in Maces & Flails
  5908 | D:6      | Reached skill level 5 in Armour
  6224 | D:6      | Reached XP level 9. HP: 66/69 MP: 10/12
  6447 | D:6      | Reached skill level 6 in Fighting
  6948 | D:3      | Noticed Natasha
  6955 | D:3      | Killed Natasha
  7005 | D:3      | Noticed Crazy Yiuf
  7017 | D:3      | Killed Crazy Yiuf
  7082 | D:4      | Killed Duvessa
  7096 | D:4      | --/oHealWound - thanks Duve!
  7349 | D:7      | Reached skill level 8 in Maces & Flails
  7540 | D:7      | Found a burning altar of Makhleb.
  7540 | D:7      | Found a glowing silver altar of Zin.
  7541 | D:7      | Noticed an angel
  7541 | D:7      | Noticed a green death
  7767 | D:7      | Identified the +6 large shield of Qyafrif {+Blink} (You found it on level 4 of the Dungeon)
  8375 | D:7      | Reached skill level 6 in Armour
  8390 | D:7      | Reached *** piety under Okawaru
  8390 | D:7      | Reached skill level 7 in Fighting
  8693 | D:8      | Reached skill level 9 in Maces & Flails
  8939 | D:8      | Reached XP level 10. HP: 79/79 MP: 13/13
  8954 | D:8      | Noticed a yak
  8954 | D:8      | Noticed a yak
  8978 | D:8      | Killed a yak
  8980 | D:8      | Killed a yak
  9032 | D:8      | Noticed a three-headed hydra
  9046 | D:8      | Killed a three-headed hydra
  9046 | D:8      | Reached **** piety under Okawaru
  9215 | D:8      | Found a shattered altar of Ashenzari.
  9221 | D:8      | Found a sparkling altar of Nemelex Xobeh.
  9231 | D:8      | Found a white marble altar of Elyvilon.
  9245 | D:8      | Found a sacrificial altar of Ru.
  9248 | D:8      | Found an ancient bone altar of Kikubaaqudgha.
  9616 | D:9      | Reached skill level 7 in Armour
  9695 | D:9      | Noticed a troll
  9719 | D:9      | Noticed a yak
  9729 | D:9      | Killed a yak
  9740 | D:9      | Found a staircase to the Lair.
  9795 | D:9      | Killed a troll
  9795 | D:9      | Reached skill level 8 in Fighting
  9795 | D:9      | Reached skill level 10 in Maces & Flails
 10426 | D:9      | Found Zoybiosch's Assorted Antiques.
 10433 | D:9      | Bought a scroll labeled PEORCH IWKET for 23 gold pieces
 10433 | D:9      | Bought a fizzy ruby potion for 20 gold pieces
 10551 | Lair:1   | Entered Level 1 of the Lair of Beasts
 11157 | Lair:1   | Reached XP level 11. HP: 85/87 MP: 12/14
 11213 | Lair:1   | Reached ***** piety under Okawaru
 11815 | Lair:1   | Reached skill level 11 in Maces & Flails
 11850 | Lair:1   | Received a gift from Okawaru
 12088 | Lair:2   | Reached skill level 8 in Armour
 12122 | Lair:2   | Received a gift from Okawaru
 12122 | Lair:2   | Reached skill level 9 in Fighting
 12179 | Lair:2   | HP: 25/89 [poisoned by a spiny frog]
 12184 | Lair:2   | HP: 22/89 [poisoned by a spiny frog]
 12189 | Lair:2   | HP: 19/89 [poisoned by a spiny frog]
 12194 | Lair:2   | HP: 17/89 [poisoned by a spiny frog]
 12201 | Lair:1   | HP: 16/89 [poisoned by a spiny frog]
 12208 | Lair:1   | HP: 15/89 [poisoned by a spiny frog]
 12216 | Lair:1   | HP: 15/89 [poisoned by a spiny frog]
 13548 | Lair:2   | Reached skill level 12 in Maces & Flails
 13549 | Lair:2   | Received a gift from Okawaru
 14200 | Lair:3   | Found a dark tunnel.
 14268 | Volcano  | Entered a volcano
 14276 | Volcano  | Reached skill level 9 in Armour
 14304 | Volcano  | Gained mutation: You are mostly covered in thin metallic scales (AC +3). [demonic ancestry]
 14304 | Volcano  | Reached XP level 12. HP: 86/97 MP: 13/15
 14740 | Lair:3   | Found a staircase to the Snake Pit.
 14765 | Lair:3   | Reached skill level 10 in Fighting
 15496 | Lair:4   | Noticed a six-headed hydra
 15513 | Lair:4   | Killed a six-headed hydra
 15604 | Lair:4   | Found a staircase to the Shoals.
 15665 | Lair:4   | HP: 29/97 [poisoned by a spiny frog]
 15670 | Lair:4   | HP: 27/97 [polar bear (1)]
 15680 | Lair:4   | Reached skill level 13 in Maces & Flails
 16126 | Lair:4   | Received a gift from Okawaru
 16858 | Lair:5   | Noticed a five-headed hydra
 16870 | Lair:5   | Killed a five-headed hydra
 17014 | Lair:5   | Found a frozen archway.
 17024 | IceCv    | Entered an ice cave
 17064 | IceCv    | Received a gift from Okawaru
 17319 | IceCv    | Reached skill level 10 in Armour
 17415 | IceCv    | Reached skill level 11 in Fighting
 17428 | IceCv    | Reached ****** piety under Okawaru
 17440 | IceCv    | Received a gift from Okawaru
 17447 | IceCv    | Reached XP level 13. HP: 55/106 MP: 6/16
 17748 | IceCv    | Reached skill level 14 in Maces & Flails
 17849 | IceCv    | Noticed a frost giant
 17886 | IceCv    | Killed a frost giant
 18538 | Lair:5   | Noticed a seven-headed hydra
 18682 | Lair:4   | HP: 27/106 [merfolk impaler/trident (8)]
 18978 | Lair:5   | Killed a seven-headed hydra
 19519 | Lair:6   | Received a gift from Okawaru
 19520 | Lair:6   | Got a polished chain mail {god gift}
 19535 | Lair:5   | Identified the +1 chain mail of Death Resistance {rPois rF- rCorr Int+6} (Okawaru gifted it to you on level 6 of the Lair of Beasts)
 19630 | Lair:6   | Identified a +0 rod of destruction (12/12) (You found it on level 6 of the Lair of Beasts)
 20079 | Lair:6   | Reached skill level 11 in Armour
 20098 | Lair:6   | Reached skill level 12 in Fighting
 20098 | Lair:6   | Reached skill level 15 in Maces & Flails
 21351 | Lair:7   | Gained mutation: You regenerate a little health from kills. [demonic ancestry]
 21351 | Lair:7   | Reached XP level 14. HP: 112/115 MP: 17/17
 21685 | Lair:7   | Received a gift from Okawaru
 21929 | Lair:8   | Entered Level 8 of the Lair of Beasts
 22159 | Lair:8   | Found a staircase to the Slime Pits.
 22159 | Lair:8   | Found a viscous altar of Jiyva.
 22168 | Lair:8   | Found a shattered altar of Ashenzari.
 22173 | Lair:8   | Received a gift from Okawaru
 22174 | Lair:8   | Got a twisted cloak {god gift}
 22185 | Lair:8   | Identified the +1 cloak of Okawaru's Condemnation {rElec rC+} (Okawaru gifted it to you on level 8 of the Lair of Beasts)
 23315 | D:4      | Bought a +0 shadow dragon armour for 1040 gold pieces
 23707 | Lair:8   | Reached skill level 1 in Invocations
 23795 | Lair:8   | Reached skill level 2 in Invocations
 23853 | Lair:8   | Reached skill level 3 in Invocations
 23881 | Lair:8   | Reached skill level 12 in Armour
 23917 | Lair:8   | Reached skill level 4 in Invocations
 23922 | Lair:8   | Reached skill level 13 in Fighting
 23930 | Lair:8   | Received a gift from Okawaru
 24090 | Lair:8   | Reached skill level 5 in Invocations
 24381 | Lair:8   | Reached skill level 6 in Invocations
 24636 | D:10     | Entered Level 10 of the Dungeon
 24691 | Lair:1   | Learned a level 2 spell: Repel Missiles
 24693 | Lair:1   | Learned a level 1 spell: Summon Butterflies
 24696 | Lair:1   | Learned a level 2 spell: Blink
 24699 | Lair:1   | Learned a level 2 spell: Cure Poison
 24774 | D:10     | Found Baxu's Magic Scroll Shoppe.
 24784 | D:10     | Bought a scroll of identify for 30 gold pieces
 24784 | D:10     | Bought a scroll of identify for 30 gold pieces
 25005 | D:10     | Found Posoah's Weapon Emporium.
 25112 | D:10     | Found Ethe's Assorted Antiques.
 25118 | D:10     | Bought a scroll labeled ERYR JOUTIYTOC for 32 gold pieces
 25122 | D:10     | Found Sauryifiak's Weapon Boutique.
 25321 | D:10     | Noticed Erolcha
 25330 | D:10     | Killed Erolcha
 25330 | D:10     | Reached XP level 15. HP: 117/124 MP: 17/19
 26077 | D:11     | Found a staircase to the Orcish Mines.
 26296 | D:11     | Noticed Harold
 26310 | D:11     | Killed Harold
 26400 | D:11     | Noticed Nergalle
 26456 | D:11     | Killed Nergalle
 26462 | D:11     | Reached skill level 7 in Invocations
 26840 | Orc:1    | Entered Level 1 of the Orcish Mines
 26842 | Orc:1    | Noticed M4edhros's ghost (journeyman OpAr)
 26860 | Orc:1    | Killed M4edhros's ghost
 26860 | Orc:1    | Received a gift from Okawaru
 27183 | D:10     | Bought a scroll of brand weapon for 300 gold pieces
 28028 | Orc:3    | Found a staircase to the Elven Halls.
 28034 | Orc:3    | Found a radiant altar of Vehumet.
 28558 | Orc:3    | Reached skill level 8 in Invocations
 28834 | Orc:1    | Found a shimmering altar of Xom.
 29144 | Orc:4    | Entered Level 4 of the Orcish Mines
 29203 | Orc:4    | Found Yvolom's Antique Weapon Shoppe.
 29393 | Orc:4    | Reached skill level 2 in Throwing
 29503 | Orc:4    | HP: 34/125 [orc warlord/uncursed long sword of slicing (7)]
 29510 | Orc:4    | HP: 27/125 [orc warlord/bolt (1)]
 30043 | Orc:4    | Reached skill level 13 in Armour
 30096 | Orc:4    | Found a roughly hewn altar of Beogh.
 30110 | Orc:4    | Found Ginippew's Antique Weapon Shoppe.
 30114 | Orc:4    | Reached skill level 3 in Throwing
 30136 | Orc:3    | HP: 35/125 [orc warrior/mace (5)]
 30143 | Orc:3    | HP: 7/125 [orc knight/dire flail of protection (19)]
 30879 | Orc:4    | Found Pecieh's Antique Armour Shoppe.
 30930 | Orc:4    | Found Likijyg's General Store.
 30937 | Orc:4    | Bought a scroll of identify for 28 gold pieces
 30946 | Orc:4    | Found Nyhiu's Jewellery Shoppe.
 30953 | Orc:4    | Bought a cursed amulet of inaccuracy for 28 gold pieces
 30973 | Orc:4    | Found Fenelav's Book Shop.
 31047 | Orc:4    | Found Tyrakej's Book Shop.
 31525 | D:12     | Found Wavvos's Weapon Emporium.
 31728 | D:12     | Learned a level 2 spell: Swiftness
 31831 | D:12     | Reached skill level 4 in Throwing
 32161 | D:12     | Reached skill level 14 in Fighting
 32398 | D:13     | Found a labyrinth entrance.
 32438 | Lab      | Entered a labyrinth
 32512 | Lab      | Got an ichor-stained mace
 32519 | Lab      | Identified the +6 mace of Reason {drain, MR+} (You found it in a labyrinth)
 33048 | D:13     | Found Lijiaz's Blood Bar.
 33191 | D:13     | Reached skill level 5 in Throwing
 33214 | D:13     | Received a gift from Okawaru
 33240 | D:13     | Found a gate to the Vaults.
 33531 | Lair:1   | Gained mutation: Your spells are a little harder to cast, but a little more powerful. [potion of beneficial mutation]
 34282 | D:14     | Reached skill level 6 in Throwing
 34524 | D:15     | Entered Level 15 of the Dungeon
 34524 | D:15     | Found Taeli's Weapon Shop.
 34632 | D:15     | Received a gift from Okawaru
 34704 | D:15     | Reached skill level 14 in Armour
 34831 | D:15     | Gained mutation: You have a pair of horns on your head. [demonic ancestry]
 34831 | D:15     | Reached XP level 16. HP: 134/134 MP: 22/22
 35553 | D:15     | Reached skill level 7 in Throwing
 35628 | D:15     | Found a staircase to the Depths.
 36495 | Snake:1  | Entered Level 1 of the Snake Pit
 36615 | Snake:1  | Found a stormy altar of Qazlal.
 37550 | Snake:1  | Reached skill level 8 in Throwing
 38076 | Snake:1  | Received a gift from Okawaru
 38266 | Snake:1  | Reached skill level 15 in Armour
 38273 | Snake:1  | HP: 39/134 [naga warrior/enchanted war axe (11)]
 38558 | Snake:2  | Found Soraesy's Antique Armour Shoppe.
 38588 | Snake:2  | Bought a pair of runed boots for 103 gold pieces
 38618 | Snake:2  | Noticed Aizul
 38712 | Snake:1  | HP: 40/134 [poisoned by a naga warrior (splash of poison)]
 38717 | Snake:1  | HP: 28/134 [poisoned by a naga warrior (splash of poison)]
 38722 | Snake:1  | HP: 19/134 [poisoned by a naga warrior (splash of poison)]
 38727 | Snake:1  | HP: 14/134 [poisoned by a naga warrior (splash of poison)]
 38732 | Snake:1  | HP: 10/134 [poisoned by a naga warrior (splash of poison)]
 38737 | Snake:1  | HP: 8/134 [poisoned by a naga warrior (splash of poison)]
 38743 | Snake:1  | HP: 7/134 [poisoned by a naga warrior (splash of poison)]
 38749 | Snake:1  | HP: 7/134 [poisoned by a naga warrior (splash of poison)]
 38757 | Snake:1  | HP: 7/134 [poisoned by a naga warrior (splash of poison)]
 39251 | Snake:2  | Reached skill level 15 in Fighting
 39434 | Snake:2  | Received a gift from Okawaru
 39441 | Snake:2  | Reached skill level 9 in Throwing
 39450 | Snake:2  | --wow a 2nd /heal wounds!
 39862 | Snake:2  | Received a gift from Okawaru
 39863 | Snake:2  | Got a pitted hunting sling {god gift}
 40232 | Snake:1  | HP: 37/136 [mana viper (6)]
 40237 | Snake:1  | HP: 40/136 [poisoned by a black mamba]
 40253 | Snake:1  | HP: 40/136 [poisoned by a black mamba]
 40882 | Snake:1  | HP: 40/136 [anaconda (2)]
 40887 | Snake:1  | HP: 37/136 [poisoned by a black mamba]
 40892 | Snake:1  | HP: 32/136 [anaconda (5)]
 40897 | Snake:1  | HP: 32/136 [anaconda (1)]
 40899 | Snake:1  | Reached skill level 1 in Charms
 40906 | Snake:1  | HP: 40/136 [poisoned by a black mamba]
 41311 | Snake:1  | Received a gift from Okawaru
 41418 | Snake:2  | Found Wutraixo's Weapon Boutique.
 41500 | Snake:2  | Gained mutation: You are significantly more attuned to the shadows. [demonic ancestry]
 41500 | Snake:2  | Reached XP level 17. HP: 126/142 MP: 19/23
 41519 | Snake:2  | Reached skill level 3 in Poison Magic
 41580 | Snake:2  | Received a gift from Okawaru
 41613 | Snake:2  | Reached skill level 2 in Charms
 41626 | Snake:2  | Reached skill level 10 in Throwing
 41844 | Lair:3   | Identified the +7 hunting sling "Muuplom" {venom, *Drain rElec rF++ rC+} (Okawaru gifted it to you on level 2 of the Snake Pit)
 41977 | Snake:3  | Killed Aizul
 41977 | Snake:3  | Received a gift from Okawaru
 42111 | Snake:3  | HP: 42/142 [anaconda (2)]
 42116 | Snake:3  | HP: 42/142 [anaconda (5)]
 42131 | Snake:3  | HP: 28/142 [anaconda (1)]
 42548 | Snake:3  | Received a gift from Okawaru
 42577 | Snake:3  | Got an iridescent battleaxe {god gift}
 42873 | Snake:3  | Reached skill level 16 in Armour
 42873 | Snake:3  | Reached skill level 3 in Charms
 43051 | Snake:3  | Reached skill level 4 in Poison Magic
 43458 | Snake:3  | HP: 38/142 [naga mage/spear (7)]
 43463 | Snake:3  | HP: 31/142 [poisoned by a naga mage (bolt of poison)]
 43473 | Snake:3  | HP: 42/142 [poisoned by a naga mage (bolt of poison)]
 43479 | Snake:3  | HP: 42/142 [poisoned by a naga mage (bolt of poison)]
 43485 | Snake:3  | HP: 42/142 [poisoned by a naga mage (splash of poison)]
 43490 | Snake:3  | HP: 41/142 [poisoned by a naga mage (splash of poison)]
 43495 | Snake:2  | HP: 41/142 [poisoned by a naga mage (splash of poison)]
 43502 | Snake:2  | HP: 41/142 [poisoned by a naga mage (splash of poison)]
 43510 | Snake:2  | HP: 42/142 [poisoned by a naga mage (splash of poison)]
 44039 | Snake:3  | Received a gift from Okawaru
 44176 | Snake:3  | Reached skill level 11 in Throwing
 44176 | Snake:3  | Reached skill level 4 in Charms
 44374 | Snake:3  | Reached skill level 5 in Poison Magic
 45078 | Snake:4  | Entered Level 4 of the Snake Pit
 45150 | Snake:4  | Received a gift from Okawaru
 45173 | Snake:4  | Reached skill level 5 in Charms
 45649 | Snake:4  | Reached skill level 6 in Poison Magic
 46053 | Snake:4  | HP: 41/142 [greater naga/spear (4)]
 46054 | Snake:4  | HP: 20/142 [greater naga/spear (7)]
 46057 | Snake:4  | HP: 9/142 [greater naga (4)]
 46064 | Snake:4  | HP: 23/142 [greater naga/bolt of poison (4)]
 46069 | Snake:4  | HP: 18/142 [poisoned by a greater naga (bolt of poison)]
 46070 | Snake:4  | HP: 3/142 [black mamba (10)]
 46071 | Snake:3  | Succumbed to a black mamba's poison

Action                   |  1- 3 |  4- 6 |  7- 9 | 10-12 | 13-15 | 16-18 || total
-------------------------+-------+-------+-------+-------+-------+-------++-------
Melee: Hand axe          |    19 |       |       |       |       |       ||    19
       Mace              |    79 |   185 |       |       |       |       ||   264
       Whip              |       |   120 |   397 |   711 |       |       ||  1228
       Flail             |       |       |   269 |   161 |       |       ||   430
       Dagger            |       |       |    19 |     3 |       |       ||    22
       Morningstar       |       |       |       |   398 |  1298 |       ||  1696
       Great mace        |       |       |       |       |   974 |  1293 ||  2267
Throw: Stone             |     3 |    22 |     5 |       |       |       ||    30
       Tomahawk          |       |       |    21 |    40 |    45 |    12 ||   118
       Javelin           |       |       |       |       |    18 |    60 ||    78
       Throwing net      |       |       |       |       |     1 |       ||     1
 Cast: Cure Poison       |       |       |       |       |       |    16 ||    16
Invok: Heroism           |       |       |       |    12 |    13 |     8 ||    33
       Finesse           |       |       |       |       |       |     1 ||     1
 Abil: Evoke Blink       |       |       |       |     1 |       |       ||     1
Evoke: Wand              |       |     5 |       |     1 |       |       ||     6
       Rod               |       |       |       |       |       |     8 ||     8
  Use: Potion            |     1 |     1 |       |     3 |     1 |     7 ||    13
       Scroll            |       |     6 |    10 |     8 |    13 |     4 ||    41
 Stab: Sleeping          |     1 |       |    10 |     6 |    32 |    15 ||    64
       Distracted        |       |       |     1 |     1 |     2 |     3 ||     7
  Eat: Chunk             |     2 |     8 |    16 |    21 |    58 |    16 ||   121
       Beef jerky        |       |       |     1 |     1 |     2 |     1 ||     5
       Meat ration       |       |       |       |     1 |       |     3 ||     4
       Royal jelly       |       |       |       |     1 |       |       ||     1
       Bread ration      |       |       |       |       |       |     2 ||     2
       Pizza             |       |       |       |       |       |     2 ||     2

Table legend:
 A = Turns spent in this place as a percentage of turns spent in the entire game.
 B = Non-inter-level travel turns spent in this place as a percentage of non-inter-level travel turns spent in the entire game.
 C = Inter-level travel turns spent in this place as a percentage of turns spent in this place.
 D = Turns resting spent in this place as a percentage of non-inter-level travel turns spent in this place.
 E = Turns spent auto-exploring this place as a percentage of non-inter-level travel turns spent in this place.
 F = Non-inter-level travel turns spent in this place divided by the number of levels of this place that you've seen.
                   A       B       C       D       E      F
               +-------+-------+-------+-------+-------+----------------------
         Total | 100.0 | 100.0 |   0.7 |   2.2 |   3.2 | 546.8
       Dungeon |  34.3 |  34.3 |   0.7 |   1.8 |   4.9 | 450.4
        Temple |   0.1 |   0.1 |   5.9 |   0.0 |  50.0 |  16.0
          Lair |  27.8 |  27.7 |   0.9 |   1.7 |   2.9 | 681.9
     Snake Pit |  19.7 |  19.7 |   0.7 |   4.3 |   2.1 | 967.5
  Orcish Mines |  10.5 |  10.5 |   0.6 |   1.9 |   1.9 | 516.0
     Labyrinth |   0.9 |   0.9 |   0.0 |   0.0 |   0.0 | 187.0
       Ossuary |   2.0 |   2.0 |   0.0 |   0.5 |   0.0 | 388.0
      Ice Cave |   3.7 |   3.8 |   0.0 |   1.2 |   0.3 | 743.0
       Volcano |   1.0 |   1.0 |   0.0 |   0.0 |   0.0 | 206.0
               +-------+-------+-------+-------+-------+----------------------

Vault maps used:
D:1:      kilobyte_arrival_exit_the_forest
D:2:      grunt_dithmenos_smoke_and_mirrors, kennysheep_jessica_study
D:3:      gup_sewer_entry_spiral, first_bread, uniq_iyjb, uniq_natasha,
          uniq_crazy_yiuf_cottage
D:4:      serial_shops, shop, shop, uniq_duvessa
D:5:      overflow_temple_1_default, overflow_temple_1_default,
          gammafunk_temple_overflow_elements, temple_green
D:7:      grunt_temple_overflow_order_and_chaos_2, gup_ossuary_entry_pyramid,
          minmay_hedge_maze, fountainhead
D:8:      minmay_overflow_temple_star_hex, hangedman_ranch
D:9:      dpeg_lair_monsters, serial_shops, shop
D:10:     serial_shops, shop, nicolae_shop_stone, shop, kennysheep_mini_moat,
          minmay_tree_intersection, uniq_erolcha
D:11:     orc_0_dummy, uniq_nergalle, uniq_harold
D:12:     serial_shops, nicolae_shop_statue_plus, kennysheep_generic_room_15
D:13:     david_vaults_5, lab_entry_generic, guppyfry_shop_blood
D:14:     serial_undead, serial_undead_e, serial_undead_e, serial_undead_c,
          serial_undead_b, st_stairs_2
D:15:     grunt_enter_depths_magical_seal, serial_shops, shop
Temple:   nicolae_temple_great_sept
Lair:1:   lemuel_fruit_tree
Lair:3:   minmay_lair_oklob_tunnel, minmay_snake_entry_guardpost_small,
          nicolae_volcano_entry_two_sided, minivault_19
Lair:4:   minmay_shoals_entry_centaurs, beast_lair_carwin_6
Lair:5:   portal_ice_cave_entry_pillars_01, nicolae_quartered_pool_little,
          lemuel_fruit_fields, grunt_megastairs_3
Lair:6:   beast_lair_carwin_large_3, eino_house_with_fridge
Lair:8:   evilmike_catoblepas_cave, slime_altar_1, basic_altar
Snake:1:  basic_altar
Snake:2:  serial_shops, shop, nicolae_shop_temple_entry_statues_fountains,
          uniq_aizul
Snake:3:  serial_bayou, serial_bayou_crossing, serial_bayou_pond_a,
          serial_bayou_pond_a, serial_bayou_shore_a, nicolae_snake_lava_pool
Snake:4:  grunt_snake_rune_serpentine_throne, basic_altar, uniq_jorgrun
Orc:1:    basic_altar
Orc:2:    nicolae_orc_bridge_out
Orc:3:    basic_altar, nicolae_orc_pool_cavern
Orc:4:    grunt_orc_cross, serial_shops, nicolae_shop_waterfront,
          shop_fountains, nicolae_shop_statue_plus
Lab:      labyrinth_hidden_loot, nicolae_lab_swirl, nicolae_lab_checkerboard,
          labyrinth_skeletal_remains
Ossuary:  minmay_ossuary_two_tombs
IceCv:    ice_cave_caverns_03
Volcano:  volcano_overflow
